Map: Central Protocol

Players

Miszu

  • Race: Terran Terran
  • League: Master

Wahaja - Winner!

  • Race: Terran Terran
  • League: Master

VOD

Have the link to the VOD?

Description

Time

  • Played on: March 25, 2016, 2:20 p.m.
  • Length: 3:18
Show
View Real Time Build Order
Export as new Build Order

Miszu Terran 

Build Orders: 1/1/1 

Get SALT Encoding   

  12  0:00  SCV  
  13  0:13  SCV  
  14  0:18  Supply Depot  
  14  0:25  SCV  
  15  0:32  Refinery  
  15  0:39  SCV  
  16  0:50  Barracks  
  16  0:51  SCV  
  17  0:57  Refinery  
  17  1:03  SCV  
  18  1:19  SCV  
  20  1:36  Orbital Command  
  20  1:37  Factory  
  20  1:38  Reaper  
  20  1:44  Supply Depot  
  20  2:04  SCV  
  21  2:10  Reaper  
  22  2:17  SCV  
  22  2:18  Supply Depot  
  22  2:21  Hellion  
  25  2:26  Starport  
  25  2:29  SCV  
  26  2:41  SCV  
  26  2:42  Reaper  
  28  2:56  Hellion  
  31  3:00  Engineering Bay  
  31  3:02  Supply Depot  
  34  3:16  Barracks Reactor  
Show
View Real Time Build Order
Export as new Build Order

Wahaja Terran - Winner!

Build Orders:  

Get SALT Encoding   

  12  0:00  SCV  
  13  0:13  SCV  
  14  0:18  Supply Depot  
  14  0:25  SCV  
  15  0:40  SCV  
  15  0:41  Barracks  
  16  0:44  Refinery  
  16  0:52  SCV  
  17  1:00  Barracks  
  17  1:14  Barracks  
  18  1:21  Refinery  
  18  1:23  SCV  
  18  1:29  Reaper  
  19  1:47  Reaper  
  19  1:51  Supply Depot  
  20  2:01  Orbital Command  
  20  2:03  Reaper  
  22  2:08  Reaper  
  22  2:19  Reaper  
  23  2:28  SCV  
  24  2:35  Reaper  
  25  2:40  Reaper, SCV  
  28  2:59  SCV  
  28  3:04  Supply Depot  
Tags
 
Add a new tag
Caveats
  • Supply blocks, unpowered buildings, or Contaminate may cause inaccurate times.
  • Supply counts are checked every 10 seconds.